 Dungeon Crawl Stone Soup version 0.21.1-1-g345015f (webtiles) character file.

424 empire the Ducker (level 6, -2/51 HPs)
             Began as a Gnoll Gladiator on Apr 4, 2018.
             Slain by Crazy Yiuf
             ... wielding a +3 quarterstaff of chaos
              (7 damage)
             ... on level 3 of the Dungeon.
             The game lasted 00:05:05 (2703 turns).

empire the Ducker (Gnoll Gladiator)                 Turns: 2703, Time: 00:05:05

Health: -2/51      AC:  7    Str: 16    XL:     6   Next: 96%
Magic:  9/9        EV: 15    Int: 11    God:
Gold:   87         SH:  0    Dex: 18    Spells: 9/9 levels left

rFire    . . .     SeeInvis .   a - +0 war axe
rCold    . . .     Gourm    .   (no shield)
rNeg     + . .     Faith    .   j - +0 ring mail
rPois    .         Spirit   .   c - +0 helmet
rElec    .         Reflect  .   (no cloak)
rCorr    .         Harm     .   m - +0 pair of gloves
MR       .....                  (no boots)
Stlth    +++.......             A - amulet of regeneration
HPRegen  0.57/turn              e - ring of positive energy
MPRegen  0.11/turn              q - ring of stealth

@: lethally poisoned (-2 -> -3), drained
A: distributed training, fangs 1, strong nose
a: no special abilities


You were on level 3 of the Dungeon.
You were very hungry.

You visited 1 branch of the dungeon, and saw 3 of its levels.

You collected 87 gold pieces.

Inventory:

Hand Weapons
 a - a +0 war axe (weapon)
Missiles
 d - 3 throwing nets (quivered)
 g - 24 bolts
 l - 51 arrows
Armour
 c - a +0 helmet (worn)
 j - a +0 ring mail (worn)
 m - a +0 pair of gloves (worn)
Jewellery
 e - a ring of positive energy (left hand)
 q - a ring of stealth (right hand)
 A - an amulet of regeneration (around neck)
Scrolls
 b - 7 scrolls of identify {unknown}
 h - 2 scrolls of remove curse {unknown}
 p - 2 scrolls of teleportation {unknown}
 r - a scroll of enchant armour {unknown}
 t - a scroll of noise {unknown}
 v - 4 scrolls of fear {unknown}
 y - 2 scrolls of blinking {unknown}
 B - a scroll of enchant weapon {unknown}
 C - a scroll of amnesia {unknown}
Potions
 i - a potion of heal wounds {unknown}
 k - a potion of resistance {unknown}
 n - a potion of might {unknown}
 o - 4 potions of curing
 s - a potion of flight {unknown}
 u - a potion of invisibility {unknown}
 w - a potion of ambrosia {unknown}
 x - a potion of haste {unknown}
Comestibles
 f - 7 rations


   Skills:
 + Level 5.0(4.9) Fighting
 + Level 2.1(1.9) Short Blades
 + Level 2.1(1.9) Long Blades
 + Level 6.9(6.7) Axes
 + Level 2.1(1.9) Maces & Flails
 + Level 2.1(1.9) Polearms
 + Level 2.1(1.9) Staves
 + Level 2.1(1.9) Slings
 + Level 2.1(1.9) Bows
 + Level 2.1(1.9) Crossbows
 + Level 5.0(4.9) Throwing
 + Level 2.1(1.9) Armour
 + Level 6.9(6.7) Dodging
 + Level 2.1(1.9) Stealth
 + Level 2.1(1.9) Shields
 + Level 2.1(1.9) Unarmed Combat
 + Level 2.1(1.9) Spellcasting
 + Level 1.7(1.5) Conjurations
 + Level 1.7(1.5) Hexes
 + Level 1.7(1.5) Charms
 + Level 1.7(1.5) Summonings
 + Level 1.7(1.5) Necromancy
 + Level 1.7(1.5) Translocations
 + Level 1.7(1.5) Transmutations
 + Level 1.7(1.5) Fire Magic
 + Level 1.7(1.5) Ice Magic
 + Level 1.7(1.5) Air Magic
 + Level 1.7(1.5) Earth Magic
 + Level 1.7(1.5) Poison Magic
 + Level 2.3(2.2) Invocations
 + Level 2.1(1.9) Evocations


You had 9 spell levels left.
You didn't know any spells.

Dungeon Overview and Level Annotations

Branches:
Dungeon (3/15)

Altars:
Kikubaaqudgha
Uskayaw

Annotations:
D:3 Crazy Yiuf


Innate Abilities, Weirdness & Mutations

Your experience applies equally to all skills.
You have very sharp teeth.
Your uncanny sense of smell can sniff out nearby items.


Message History

You hit Crazy Yiuf but do no damage.
Crazy Yiuf is heavily wounded.
You feel yourself speed up.
You are feeling very hungry.
You feel sick.
Crazy Yiuf hits you with a quarterstaff of chaos!
You are confused.
Crazy Yiuf hits you with a quarterstaff of chaos!
* * * LOW HITPOINT WARNING * * *
You are more poisoned.
Unknown command.
You feel better.
Crazy Yiuf hits you with a quarterstaff of chaos!
* * * LOW HITPOINT WARNING * * *
You are poisoned.
You hit Crazy Yiuf.
Crazy Yiuf is heavily wounded.
You feel sick.
Crazy Yiuf hits you with a quarterstaff of chaos!
You die...

#.#.....#.#
#.#####.#.#
#.....<.#.#
#########.#
###### #...#
.....## #####
####..###♣♣ ####
##..#..♣♣ ♣♣#.))#
#......♣♣♣♣.@g).#
##......♣..♣#...#
###...♣.♣♣♣ ####
##♣♣♣♣♣


You could see Crazy Yiuf.

Vanquished Creatures
  Grinder (D:3)
  An orc priest (D:3)
  Natasha (twice) (D:3)
  Robin (D:2)
  A gnoll (D:1)
  An adder (D:2)
  An ooze (D:1)
  4 worms
  3 dart slugs
  2 leopard geckos (D:3)
  8 orcs (D:3)
  6 giant cockroaches
  11 goblins
  17 hobgoblins
  3 jackals (D:1)
  A quokka (D:2)
  A ball python (D:1)
  4 bats
  12 kobolds
  8 rats
88 creatures vanquished.

Vanquished Creatures (others)
  A human (D:3)
1 creature vanquished.

Grand Total: 89 creatures vanquished

Notes
Turn   | Place    | Note
-------+----------+-------------------------------------------
     0 | D:1      | empire the Gnoll Gladiator began the quest for the Orb.
     0 | D:1      | Reached XP level 1. HP: 20/20 MP: 1/1
    50 | D:1      | Reached XP level 2. HP: 19/26 MP: 2/2
   136 | D:1      | Reached XP level 3. HP: 29/31 MP: 3/3
   296 | D:1      | Reached skill level 1 in Invocations
   980 | D:2      | Reached skill level 1 in Short Blades
   980 | D:2      | Reached skill level 1 in Long Blades
   980 | D:2      | Reached skill level 1 in Maces & Flails
   980 | D:2      | Reached skill level 1 in Polearms
   980 | D:2      | Reached skill level 1 in Staves
   980 | D:2      | Reached skill level 1 in Slings
   980 | D:2      | Reached skill level 1 in Bows
   980 | D:2      | Reached skill level 1 in Crossbows
   980 | D:2      | Reached skill level 1 in Armour
   980 | D:2      | Reached skill level 1 in Stealth
   980 | D:2      | Reached skill level 1 in Shields
   980 | D:2      | Reached skill level 1 in Unarmed Combat
   980 | D:2      | Reached skill level 1 in Spellcasting
   980 | D:2      | Reached skill level 1 in Evocations
   993 | D:2      | Reached XP level 4. HP: 37/38 MP: 5/5
  1128 | D:2      | Found a hide-covered altar of Uskayaw.
  1491 | D:2      | Noticed Robin
  1543 | D:2      | Reached skill level 1 in Conjurations
  1543 | D:2      | Reached skill level 1 in Hexes
  1543 | D:2      | Reached skill level 1 in Charms
  1543 | D:2      | Reached skill level 1 in Summonings
  1543 | D:2      | Reached skill level 1 in Necromancy
  1543 | D:2      | Reached skill level 1 in Translocations
  1543 | D:2      | Reached skill level 1 in Transmutations
  1543 | D:2      | Reached skill level 1 in Fire Magic
  1543 | D:2      | Reached skill level 1 in Ice Magic
  1543 | D:2      | Reached skill level 1 in Air Magic
  1543 | D:2      | Reached skill level 1 in Earth Magic
  1543 | D:2      | Reached skill level 1 in Poison Magic
  1549 | D:2      | Killed Robin
  1921 | D:3      | Noticed Grinder
  1949 | D:3      | Killed Grinder
  1949 | D:3      | Reached skill level 5 in Fighting
  1949 | D:3      | Reached skill level 5 in Throwing
  1949 | D:3      | Reached XP level 5. HP: 35/44 MP: 5/7
  1949 | D:3      | Reached XP level 6. HP: 41/51 MP: 5/8
  2124 | D:3      | Noticed Natasha
  2132 | D:3      | Killed Natasha
  2210 | D:3      | Found an ancient bone altar of Kikubaaqudgha.
  2240 | D:3      | Noticed a human
  2241 | D:3      | Killed a human
  2509 | D:3      | Found a runed door.
  2539 | D:3      | Noticed Natasha
  2548 | D:3      | Killed Natasha
  2690 | D:3      | Noticed Crazy Yiuf
  2703 | D:3      | Slain by Crazy Yiuf

Skill      XL: |  1  2  3  4  5  6 |
---------------+-------------------+-----
Invocations    | 1 2 |  2.3
Short Blades   | 1 2 |  2.1
Long Blades    | 1 2 |  2.1
Maces & Flails | 1 2 |  2.1
Polearms       | 1 2 |  2.1
Staves         | 1 2 |  2.1
Slings         | 1 2 |  2.1
Bows           | 1 2 |  2.1
Crossbows      | 1 2 |  2.1
Armour         | 1 2 |  2.1
Stealth        | 1 2 |  2.1
Shields        | 1 2 |  2.1
Unarmed Combat | 1 2 |  2.1
Spellcasting   | 1 2 |  2.1
Evocations     | 1 2 |  2.1
Conjurations   | 1 |  1.7
Hexes          | 1 |  1.7
Charms         | 1 |  1.7
Summonings     | 1 |  1.7
Necromancy     | 1 |  1.7
Translocations | 1 |  1.7
Transmutations | 1 |  1.7
Fire Magic     | 1 |  1.7
Ice Magic      | 1 |  1.7
Air Magic      | 1 |  1.7
Earth Magic    | 1 |  1.7
Poison Magic   | 1 |  1.7
Fighting       | 5 |  5.0
Throwing       | 5 |  5.0
Axes           | |  6.9
Dodging        | |  6.9

Action                   |  1- 3 |  4- 6 || total
-------------------------+-------+-------++-------
Melee: War axe           |    70 |   166 ||   236
       Bite              |     8 |    20 ||    28
       Punch             |       |     1 ||     1
  Use: Potion            |       |     1 ||     1
 Stab: Sleeping          |     1 |     2 ||     3
  Eat: Chunk             |       |     5 ||     5
Armor: Leather armour    |    10 |       ||    10
       Ring mail         |    14 |    46 ||    60
Dodge: Dodged            |    63 |   138 ||   201
